 Dungeon Crawl Stone Soup version 0.27-a0-328-g7f782ed93a (webtiles) character file.

Game seed: 1975040343914080926

88 CurlyBrace the Caller (level 4, -5/21 HPs)
             Began as a Felid Summoner on Feb 11, 2021.
             Slain by Duvessa
             ... wielding a +0 rapier
              (9 damage)
             ... on level 4 of the Dungeon.
             The game lasted 00:22:57 (1605 turns).

CurlyBrace the Caller (Felid Summoner)              Turns: 1605, Time: 00:22:58

Health: -5/21      AC:  1    Str:  5    XL:     4   Next: 30%
Magic:  1/8        EV: 18    Int: 16    God:
Gold:   122        SH:  0    Dex: 17    Spells: 4/7 levels left
                                        Lives:  0   Deaths: 1

rFire    . . .     SeeInvis +     - Unarmed
rCold    . . .     Faith    .   (shield unavailable)
rNeg     . . .     Spirit   .   (armour unavailable)
rPois    .         Reflect  .   (helmet unavailable)
rElec    .         Harm     .   (cloak unavailable)
rCorr    .         Rampage  .   (gloves unavailable)
Will     .....                  (boots unavailable)
Stlth    +++.......             c - amulet of regeneration
HPRegen  0.47/turn              (no ring)
MPRegen  0.11/turn              (no ring)

@: quick
A: very small, no armour, no weapons or thrown items, stealth, claws 1, fangs 3,
see invisible, speed 1, shaggy fur 1, sharp paws
a: no special abilities


You were on level 4 of the Dungeon.
You visited 1 branch of the dungeon, and saw 6 of its levels.
You also visited: Ossuary.

You collected 122 gold pieces.

Inventory:

Jewellery
 c - an amulet of regeneration (around neck)
   (You found it on level 2 of the Dungeon)


   Skills:
 + Level 3.3 Fighting
 - Level 3.0 Dodging
 - Level 3.0 Stealth
 + Level 3.3 Unarmed Combat
 - Level 2.0 Spellcasting
 - Level 4.0 Summonings


You had 4 spell levels left.
You knew the following spells:

 Your Spells              Type           Power        Failure   Level
a - Summon Small Mammal   Summ           56%          4%          1
b - Call Imp              Summ           14%          6%          2

Your spell library contained the following spells:

 Spells                   Type           Power        Failure   Level
 Call Canine Familiar     Summ           14%          12%         3
 Summon Guardian Golem    Hex/Summ       8%           26%         3
 Confusing Touch          Hex            1%           52%         3
 Gell's Gravitas          Tloc           0%           52%         3
 Summon Ice Beast         Ice/Summ       8%           65%         4
 Summon Lightning Spire   Summ/Air       8%           65%         4
 Petrify                  Tmut/Erth      1%           90%         4
 Metabolic Englaciation   Hex/Ice        0%           99%         5
 Yara's Violent Unravell  Hex/Tmut       0%           99%         5


Dungeon Overview and Level Annotations

Branches:
Dungeon (6/15)            Ossuary (visited)
 Temple: D:4-7

Altars:
Hepliaklqana
Qazlal
Uskayaw

Annotations:
D:4 2 runed translucent doors, exclusion: scorpion, Dowan; Duvessa; Eustachio; Jano's ghost, amateur DrCj


Innate Abilities, Weirdness & Mutations

You cannot wear armour.
You are incapable of wielding weapons or throwing items.
Your paws allow you to move quietly. (Stealth)
You have sharp claws.
You have razor-sharp teeth.
You have supernaturally acute eyesight. (SInv)
You cover ground quickly.
You are covered in fur. (AC +1)
Your sharp claws are effective at attacking unaware monsters.


Message History

Your rat closely misses Duvessa.
Your crimson imp closely misses Duvessa.
Duvessa hits you with a +0 rapier.
Your crimson imp blinks!
Unknown command.
You completely miss Duvessa.
Duvessa is moderately wounded.
Your rat barely misses Duvessa.
Your crimson imp barely misses Duvessa.
Duvessa misses you.
Unknown command.
You scratch Duvessa but do no damage.
Duvessa is moderately wounded.
Your rat barely misses Duvessa.
Your crimson imp blinks!
Duvessa misses you.
Unknown command.
You scratch Duvessa but do no damage.
Duvessa is moderately wounded.
Your rat bites Duvessa.
Your crimson imp hits Duvessa.
Duvessa hits you with a +0 rapier!
Ouch! That really hurt!
* * * LOW HITPOINT WARNING * * *
Unknown command.
You scratch Duvessa.
Duvessa is heavily wounded.
Your rat bites Duvessa but does no damage.
Your crimson imp barely misses Duvessa.
Something closely misses your crimson imp.
Duvessa closely misses you.
Unknown command.
You scratch Duvessa but do no damage. Your claw misses Duvessa.
Duvessa is heavily wounded.
A giant cockroach comes into view.
Your rat bites Duvessa but does no damage.
Your crimson imp hits Duvessa but does no damage.
Unknown command.
You scratch Duvessa. You bite Duvessa, but do no damage.
Duvessa is heavily wounded.
Duvessa hits you with a +0 rapier!
You die...

.... ##...
.... ##....
#.###e....
#..#......
##........
###
##...####..
#.####.e..#
..
###5..5B..#.#
..
#@e######...#
.. ##r# ###.#
### ##.. ##.#
#


You could see Duvessa, a giant cockroach, 2 friendly crimson imps and a friendly
rat (summoned).

Vanquished Creatures
  A bullfrog zombie (D:5)
  A howler monkey skeleton (D:5)
  A shadow imp (D:5)
  An ufetubus (D:5)
  2 oozes (D:5)
  An adder skeleton (D:5)
  A dart slug (D:1)
  A leopard gecko (D:4)
  An orc (D:4)
  A goblin (D:1)
  3 jackals (D:3)
  2 bats
  2 frilled lizards
  3 kobold zombies (Ossuary)
21 creatures vanquished.

Vanquished Creatures (collateral kills)
  A scorpion (D:5)
  Crazy Yiuf (D:5)
  2 worker ants (D:4)
  A mummy (D:4)
  An adder (D:3)
  A worm (D:4)
  An orc (D:5)
  A hobgoblin (D:2)
  A rat (D:2)
10 creatures vanquished.

Grand Total: 31 creatures vanquished

Notes
Turn   | Place    | Note
-------+----------+-------------------------------------------
     0 | D:1      | CurlyBrace the Felid Summoner began the quest for the Orb.
     0 | D:1      | Reached XP level 1. HP: 7/7 MP: 4/4
   278 | D:2      | Found a hazy altar of Hepliaklqana.
   317 | D:2      | Found a hide-covered altar of Uskayaw.
   319 | D:2      | Found a stormy altar of Qazlal.
   551 | D:3      | Reached skill level 1 in Unarmed Combat
   551 | D:3      | Reached XP level 2. HP: 11/12 MP: 0/6
   554 | D:3      | Reached skill level 1 in Fighting
   646 | D:4      | Found a large runed translucent door.
   646 | D:4      | Found a large runed translucent door.
   648 | D:4      | Noticed Jano's ghost (amateur DrCj)
   665 | D:4      | Learned a level 2 spell: Call Imp
   677 | D:4      | Found a sand-covered staircase.
   685 | D:4      | Noticed a scorpion
   688 | Ossuary  | Entered an ossuary
   830 | D:4      | Reached XP level 3. HP: 15/15 MP: 2/7
   990 | D:4      | Noticed Eustachio
  1007 | D:5      | Entered Level 5 of the Dungeon
  1043 | D:5      | Reached XP level 4. HP: 19/19 MP: 8/8
  1097 | D:5      | Noticed a lemure
  1281 | D:5      | Reached XP level 5. HP: 16/24 MP: 1/9
  1360 | D:5      | Found a runed translucent door.
  1361 | D:5      | Noticed Crazy Yiuf
  1374 | D:5      | Killed Crazy Yiuf
  1462 | D:5      | HP: 1/24 [orc wizard/+0 dagger (3)]
  1463 | D:5      | Killed from afar by an orc priest
  1464 | D:5      | Reached XP level 4. HP: -13/21 MP: 8/8
  1512 | D:4      | Noticed Duvessa
  1513 | D:4      | Noticed Dowan
  1605 | D:4      | Slain by Duvessa

Illustrated notes

Levels and vault maps discovered:
D:1:      psy_arrival_fountain, layout_basic, minmay_tetromino_s4
D:2:      layout_basic, nzn_hepliaklqana_mist_gate,
          nicolae_overflow_hidden_temple, grunt_decor_cap
D:3:      layout_loops_ring, grunt_temple_overflow_order_and_chaos_1,
          fedhas_altar_3, grunt_decor_one_mirror, roderic_roman_lattice
D:4:      layout_layer_cave, ebering_ghost_disaster_area,
          lightli_ossuary_entry_decrepit_ruins, chequers_serial_rivers_marsh,
          hex_medium, minmay_misc_feat_tower, uniq_duvessa, uniq_eustachio
D:5:      layout_loops_ring, minitemple, uniq_sigmund, uniq_blork_the_orc,
          uniq_crazy_yiuf_cottage, uniq_ijyb, uniq_pikel
D:6:      layout_basic, basic_altar

Skill      XL: |  1  2  3  4 |
---------------+-------------+-----
Unarmed Combat | 1 2 3 |  3.3
Fighting       | 1 2 3 |  3.3
Stealth        | 3 |  3.0
Dodging        | 3 |  3.0
Spellcasting   | |  2.0
Summonings     | |  4.0

Action                   |  1- 3 |  4- 6 || total
-------------------------+-------+-------++-------
Melee: Unarmed           |    68 |    57 ||   125
       Bite              |    10 |     5 ||    15
       Punch             |     1 |       ||     1
 Cast: Summon Small Mamm |    12 |    13 ||    25
       Call Imp          |     9 |     9 ||    18
  Use: Potion            |     8 |     1 ||     9
       Scroll            |     6 |     3 ||     9
 Stab: Sleeping          |     4 |     3 ||     7
Armor: Skin              |     7 |     2 ||     9
Dodge: Dodged            |    70 |    48 ||   118

Table legend: (Time is in decaauts)
 A = Elapsed time spent in this place.
 B = Non-inter-level travel time spent in this place.
 C = Inter-level travel time spent in this place.
 D = Time resting spent in this place.
 E = Time spent auto-exploring this place.
 F = Levels seen in this place.
 G = Mean time per level.
                   A        B        C        D        E       F      G
               +--------+--------+--------+--------+--------+-----+--------+
         Total |   1336 |   1301 |     35 |      0 |      0 |   7 |  190.9 |
       Dungeon |   1251 |   1216 |     35 |      0 |      0 |   6 |  208.5 |
       Ossuary |     85 |     85 |      0 |      0 |      0 |   1 |   85.0 |
               +--------+--------+--------+--------+--------+-----+--------+

Top non-repeatable levels by time:
     D:5: 362 daAuts
     D:2: 357 daAuts
     D:4: 347 daAuts
     D:3: 110 daAuts
 Ossuary: 85 daAuts
     D:1: 62 daAuts
     D:6: 10 daAuts
